 Dungeon Crawl Stone Soup version 0.17.1-1-g73c8601 (webtiles) character file.

791 skittles the Slasher (level 7, 0/37 HPs)
             Began as a Vine Stalker Fighter on Dec 24, 2015.
             Was a Believer of Qazlal.
             Succumbed to a worker ant's poison
             ... on level 4 of the Dungeon.
             The game lasted 00:09:31 (3619 turns).

skittles the Slasher (Vine Stalker Fighter)         Turns: 3619, Time: 00:09:31

Health: 0/37       AC:  6    Str: 26    XL:     7   Next: 88%
Magic:  0/19       EV:  7    Int:  8    God:    Qazlal [**....]
Gold:   130        SH: 13    Dex: 13    Spells: 0 memorised, 6 levels left

rFire  . . .     SeeInvis .     a - +0 long sword
rCold  . . .     Clarity  .     b - +0 scale mail
rNeg   . . .     SustAt   .     c - +0 shield
rPois  .         Gourm    .     (no helmet)
rElec  .         Spirit   +     (no cloak)
rCorr  .         Warding  .     (no gloves)
rMut   .         Stasis   .     (no boots)
MR     .....                    (no amulet)
Stlth  ..........               (no ring)
                                j - ring of magical power

@: mighty, lethally poisoned (0 -> -1), flying, very slightly contaminated,
invisible, not resistant to hostile enchantments, extremely unstealthy
A: fangs 2, regeneration 2, magic shield, antimagic bite, no device heal 3, rot
immunity
a: Upheaval, Renounce Religion


You were on level 4 of the Dungeon.
You worshipped Qazlal.
Qazlal was pleased with you.
You were not hungry.

You visited 1 branch of the dungeon, and saw 4 of its levels.

You collected 130 gold pieces.

Inventory:

Hand Weapons
 a - a +0 long sword (weapon)
 u - a cursed -2 flail
 w - a +0 great sword
Armour
 b - a +0 scale mail (worn)
 c - a +0 shield (worn)
Magical Staves
 q - an uncursed staff of fire {unknown}
Jewellery
 j - a ring of magical power (left hand)
 n - an uncursed amulet of clarity {unknown}
 r - an uncursed amulet of clarity {unknown}
Wands
 o - a wand of polymorph (15)
Scrolls
 f - a scroll of teleportation {unknown}
 i - a scroll of random uselessness {unknown}
 k - a scroll of immolation {unknown}
 l - 4 scrolls of identify {unknown}
 p - 2 scrolls of magic mapping {unknown}
Comestibles
 g - 2 chunks of flesh
 h - a fruit
 m - a meat ration
 t - a bread ration
 v - a beef jerky


   Skills:
 + Level 3.9 Fighting
 * Level 5.9 Long Blades
 - Level 2.4 Armour
 - Level 4.0 Shields
 + Level 3.3 Invocations


You had 6 spell levels left.
You didn't know any spells.

Dungeon Overview and Level Annotations

Branches:
Dungeon (4/15)             Temple (0/1) D:4

Altars:
Ashenzari
Elyvilon
Okawaru
Qazlal


Innate Abilities, Weirdness & Mutations

You have extremely sharp teeth.
You heal very quickly.
When hurt, damage is shared between your health and your magic reserves.
Your bite disrupts and absorbs the magic of your enemies.
Potions and wands cannot restore your health.
You are immune to rotting.


Message History

You block the orc's attack.
Drink which item? (? for menu, Esc to quit)
It was a potion of invisibility.
You fade into invisibility!
You feel sick. You block the adder's attack.
The worker ant bites you but does no damage.
The orc barely misses you. The adder bites you but does no damage.
You are very lightly contaminated with residual magic.
Drink which item? (? for menu, Esc to quit)
It was a potion of flight.
You feel very buoyant.
You fly up into the air.
You block the worker ant's attack. You block the adder's attack.
The orc closely misses you. The worker ant closely misses you.
You feel sick. You block the adder's attack. The worker ant bites you.
* * * LOW HITPOINT WARNING * * *
You are lethally poisoned!
The worker ant poisons you! The adder closely misses you.
You miss the worker ant. Your bite misses the worker ant.
You die...

#.##. ..#### #
#.#.####.#..
..###....#.#...#
.##.............#
.........#.#..# #.. .
#.##......#..###..... #.#
#............<...#
#...#...§.§.......#......
#......oa@..)###..§###.#
.#....)S.......§≈##
#..#).§....###≈##
#...?...<..# .≈#
....##.###.....≈# ####.
#.. ..#.#.≈# .
...........+ .#
##.#.#.....≈# ..
###.#...##≈#


You could see a worker ant, an adder and an orc.

Vanquished Creatures
  The ghost of mumuzinho the Shield-Bearer, an amateur DsFi of Cheibriados (D:4)
  Sigmund (D:4)
  An ogre (D:4)
  2 hounds
  An orc wizard (D:3)
  2 worker ants
  A hound skeleton (D:4)
  3 gnolls (D:3)
  8 adders
  An ooze (D:2)
  3 worms
  13 orcs (D:3)
  3 ball pythons
  8 giant cockroaches
  7 hobgoblins
  3 jackals (D:1)
  6 kobolds
  7 bats
  2 giant geckos
  4 giant newts
  8 goblins
  9 rats
94 creatures vanquished.

Vanquished Creatures (others)
  A kobold (D:2)
1 creature vanquished.

Grand Total: 95 creatures vanquished

Notes
Turn   | Place    | Note
--------------------------------------------------------------
     0 | D:1      | skittles the Vine Stalker Fighter began the quest for the Orb.
     0 | D:1      | Reached XP level 1. HP: 11/11 MP: 2/2
    40 | D:1      | Reached XP level 2. HP: 16/16 MP: 3/3
   507 | D:1      | Reached skill level 3 in Shields
   794 | D:2      | Reached XP level 3. HP: 19/19 MP: 4/4
   845 | D:2      | Found a shattered altar of Ashenzari.
  1070 | D:2      | Found a white marble altar of Elyvilon.
  1112 | D:2      | Reached XP level 4. HP: 18/23 MP: 5/5
  1568 | D:2      | Found a stormy altar of Qazlal.
  1587 | D:2      | Became a worshipper of Qazlal Stormbringer
  2630 | D:3      | Found an iron altar of Okawaru.
  2744 | D:3      | Reached * piety under Qazlal
  2748 | D:3      | Reached XP level 5. HP: 27/27 MP: 6/6
  2761 | D:3      | Reached skill level 1 in Invocations
  3102 | D:3      | Reached skill level 4 in Long Blades
  3372 | D:3      | Gained mutation: You heal very quickly. [Vine Stalker growth]
  3372 | D:3      | Reached XP level 6. HP: 26/32 MP: 8/8
  3539 | D:4      | Found a staircase to the Ecumenical Temple.
  3551 | D:4      | Reached ** piety under Qazlal
  3594 | D:4      | Noticed mumuzinho's ghost (amateur DsFi)
  3596 | D:4      | Noticed Sigmund
  3606 | D:4      | Killed Sigmund
  3606 | D:4      | Reached skill level 5 in Long Blades
  3606 | D:4      | Reached XP level 7. HP: 12/36 MP: 4/10
  3611 | D:4      | Killed mumuzinho's ghost
  3615 | D:4      | HP: 1/37 [poisoned by an adder]
  3619 | D:4      | Succumbed to a worker ant's poison

Action                   |  1- 3 |  4- 6 |  7- 9 || total
-------------------------+-------+-------+-------++-------
Melee: Long sword        |   102 |   193 |     7 ||   302
Invok: Upheaval          |       |     1 |       ||     1
  Use: Potion            |       |     2 |     2 ||     4
  Eat: Chunk             |     1 |     4 |       ||     5
       Bread ration      |       |     1 |       ||     1
